 Dungeon Crawl Stone Soup version 0.29-a0-721-g7f417c9bbb (webtiles) character file.

Game seed: 12628740856619037921

127 gobodom the Firebug (level 4, -1/30 HPs)
             Began as a Demonspawn Fire Elementalist on June 28, 2022.
             Slain by a gnoll
             ... wielding a +0 halberd
              (8 damage)
             ... on level 2 of the Dungeon.
             The game lasted 00:07:50 (2315 turns).

gobodom the Firebug (Demonspawn Fire Elementalist)  Turns: 2315, Time: 00:07:51

Health: -1/30      AC:  2    Str: 10    XL:     4   Next: 85%
Magic:  6/8        EV: 13    Int: 16    God:
Gold:   125        SH:  0    Dex: 20    Spells: 6/9 levels left

rFire   . . .      SeeInvis .   d - +0 dagger
rCold   . . .      Faith    .   (no shield)
rNeg    . . .      Spirit   .   a - +0 robe
rPois   .          Reflect  .   (no helmet)
rElec   .          Harm     .   (no cloak)
rCorr   .          Rampage  .   (no gloves)
Will    .....                   (no boots)
Stlth   ++........              (no amulet)
HPRegen 0.10/turn               h - +6 ring of dexterity
MPRegen 0.11/turn               (no ring)

@: very slightly contaminated
A: demonic touch 2
a: no special abilities


You were on level 2 of the Dungeon.
You visited 1 branch of the dungeon, and saw 4 of its levels.

You collected 125 gold pieces.

Inventory:

Hand Weapons
 d - a +0 dagger (weapon)
Missiles
 m - 2 throwing nets
Armour
 a - a +0 robe (worn)
Jewellery
 h - a +6 ring of dexterity (left hand)
Scrolls
 e - a scroll of poison {unknown}
 g - a scroll of brand weapon {unknown}
 j - 4 scrolls of identify {unknown}
 k - 3 scrolls of teleportation {unknown}
 l - a scroll of enchant weapon {unknown}
 n - a scroll of noise {unknown}
Potions
 c - a potion of might {unknown}
 f - a potion of lignification {unknown}
 i - a potion of curing {unknown}


   Skills:
 + Level 0.6 Short Blades
 + Level 2.2 Dodging
 + Level 1.9 Stealth
 + Level 3.1 Spellcasting
 + Level 1.7 Conjurations
 + Level 3.7 Fire Magic


You had 6 spell levels left.
You knew the following spells:

 Your Spells              Type           Power      Damage    Failure   Level
a - Foxfire               Conj/Fire      44%        2x1d6     6%          1
b - Scorch                Fire           28%        2d6       6%          2

Your spell library contained the following spells:

 Spells                   Type           Power      Damage    Failure   Level
 Sandblast                Erth           4%         2d4       19%         1
 Conjure Flame            Conj/Fire      11%        6-21      19%         3
 Inner Flame              Hex/Fire       8%         N/A       26%         3
 Passwall                 Tmut/Erth      1%         N/A       28%         2
 Stone Arrow              Conj/Erth      10%        3d7       36%         3
 Flame Wave               Conj/Fire      11%        2d5       52%         4


Dungeon Overview and Level Annotations

Branches:
Dungeon (4/15)
 Temple: D:4-7

Altars:


Innate Abilities, Weirdness & Mutations

Your touch may inflict irresistible damage on your foes.


Message History

You are too injured to fight recklessly!
Casting: Foxfire (safe; 6% risk of failure)
Confirm with . or Enter, or press ? or * to list all spells.
You conjure some foxfire!
The foxfire hits the gnoll.
The gnoll is heavily wounded.
Found a dagger.
Found a stone staircase leading down.
Casting: Foxfire (safe; 6% risk of failure)
Confirm with . or Enter, or press ? or * to list all spells.
You conjure some foxfire!
The foxfire hits the gnoll but does no damage.
The gnoll is moderately wounded.
m - 2 throwing nets (gained 1)
Things that are here:
a +0 flail; a +0 spear; a gnoll corpse
Casting: Foxfire (safe; 6% risk of failure)
Confirm with . or Enter, or press ? or * to list all spells.
You conjure some foxfire!
The gnoll barely misses you.
Your foxfire dissipates!
The foxfire hits the gnoll.
The gnoll is heavily wounded.
Casting: Foxfire (safe; 6% risk of failure)
Confirm with . or Enter, or press ? or * to list all spells.
You miscast Foxfire.
You are very lightly contaminated with residual magic.
Nothing appears to happen.
The gnoll hits you from afar with a +0 halberd.
* * * LOW HITPOINT WARNING * * *
Casting: Foxfire (safe; 6% risk of failure)
Confirm with . or Enter, or press ? or * to list all spells.
You don't have enough magic to cast this spell.
Magic courses through your body. The gnoll barely misses you.
Casting: Foxfire (safe; 6% risk of failure)
Confirm with . or Enter, or press ? or * to list all spells.
Flames lash the gnoll.
The gnoll is severely wounded.
The gnoll's fire resistance burns away.
The gnoll hits you from afar with a +0 halberd!
You die...

...........###
.............#
#####..##.#.# #.#
#..##.#)# #.#
#..##.#.# #.#
#..##.#.# #.#.#
#####.....#.##########
#.#.#
#.....).#............#
#.#.#
#.###..@.g..########.#
#.#.# ##.###..###..#
#.#
##.#.####...##..>....#
#.#
...#............###.##
#.# ...##...#...#####
#.. #.# .....###.#.##
### #.# ....## ##..#
.# ##.# ##..# #..# #.#
#..# ##.## ##..# #.#
#.##


You could see a gnoll (combustible).

Vanquished Creatures
  A jelly (D:4)
  2 gnolls (D:2)
  2 adders (D:2)
  A worm (D:2)
  5 dart slugs (D:1)
  6 bats
  2 endoplasms
  A giant cockroach (D:1)
  2 goblins
  5 hobgoblins (D:1)
  3 jackals (D:1)
  3 kobolds
  2 quokkas (D:1)
  7 ball pythons
  2 frilled lizards (D:1)
  5 rats
49 creatures vanquished.

Vanquished Creatures (collateral kills)
  A foxfire (D:2)
1 creature vanquished.

Vanquished Creatures (others)
  97 foxfires
97 creatures vanquished.

Grand Total: 147 creatures vanquished

Notes
Turn   | Place    | Note
-------+----------+-------------------------------------------
     0 | D:1      | gobodom the Demonspawn Fire Elementalist began the quest
                  | for the Orb.
     0 | D:1      | Reached XP level 1. HP: 13/13 MP: 3/3
   365 | D:1      | Gained mutation: Your touch may inflict minor irresistible
                  | damage on your foes. [demonic ancestry]
   365 | D:1      | Reached XP level 2. HP: 11/19 MP: 1/5
   979 | D:1      | Reached XP level 3. HP: 17/24 MP: 1/6
  1632 | D:2      | Learned a level 2 spell: Scorch
  1722 | D:2      | You fall into a shaft and drop 2 floors!
  1748 | D:4      | Gained mutation: Your touch may inflict irresistible damage
                  | on your foes. [demonic ancestry]
  1748 | D:4      | Reached XP level 4. HP: 30/30 MP: 3/8
  1780 | D:2      | Found a faded altar of an unknown god.
  2315 | D:2      | Slain by a gnoll

Illustrated notes

Levels and vault maps discovered:
D:1:      minmay_arrival_diagonal_passages, layout_basic
D:2:      layout_loops_ring, nicolae_ecumenical_snake_handling
D:3:      layout_basic
D:4:      layout_loops_corners, tgw_sif

Skill      XL: |  1  2  3 |
---------------+----------+-----
Fire Magic     | 3 |  3.7
Dodging        | 2 |  2.2
Spellcasting   | 3 |  3.1
Short Blades   | |  0.6
Stealth        | |  1.9
Conjurations   | |  1.7

Action                   |  1- 3 |  4- 6 || total
-------------------------+-------+-------++-------
Melee: Dagger            |    20 |    15 ||    35
       Touch             |     3 |     2 ||     5
 Cast: Foxfire           |    50 |    12 ||    62
       Scorch            |     3 |     9 ||    12
  Use: Potion            |       |     1 ||     1
 Stab: Sleeping          |     1 |       ||     1
Armor: Robe              |     5 |     4 ||     9
Dodge: Dodged            |    30 |    16 ||    46

Table legend: (Time is in decaauts)
 A = Elapsed time spent in this place.
 B = Non-inter-level travel time spent in this place.
 C = Inter-level travel time spent in this place.
 D = Time resting spent in this place.
 E = Time spent auto-exploring this place.
 F = Levels seen in this place.
 G = Mean time per level.
                   A        B        C        D        E       F      G
               +--------+--------+--------+--------+--------+-----+--------+
         Total |   2312 |   2303 |      9 |    621 |   1210 |   4 |  578.0 |
       Dungeon |   2312 |   2303 |      9 |    621 |   1210 |   4 |  578.0 |
               +--------+--------+--------+--------+--------+-----+--------+

Top non-repeatable levels by time:
     D:1: 1627 daAuts
     D:2: 638 daAuts
     D:4: 31 daAuts
     D:3: 15 daAuts
